 Dungeon Crawl Stone Soup version 0.20-a0-266-gdedccd6 (webtiles) character file.

170795 XO4YCPATb the Bludgeoner (level 17, -1/148 HPs)
             Began as a Minotaur Fighter on Dec 5, 2016.
             Was the Champion of the Shining One.
             Slain by a hell knight
             ... wielding a +1 glaive
              (19 damage)
             ... in the Vestibule of Hell.
             The game lasted 01:03:20 (24258 turns).

XO4YCPATb the Bludgeoner (Minotaur Fighter)        Turns: 24258, Time: 01:03:20

Health: -1/148     AC: 27    Str: 23    XL:     17   Next: 38%
Magic:  6/27       EV: 12    Int:  8    God:    the Shining One [******]
Gold:   901        SH: 14    Dex: 14    Spells: 16/16 levels left

rFire  x . .     SeeInvis .     w - +6 sacred scourge (holy)
rCold  + . .     Gourm    .     I - +1 plate armour {rPois}
rNeg   + + +     Faith    .     c - +0 shield
rPois  +         Spirit   .     (helmet restricted)
rElec  .         Reflect  .     j - +0 cloak
rCorr  .         Harm     .     o - +0 pair of gloves
MR     +....     Clarity  +     r - +2 pair of boots
Stlth  ..........               (no amulet)
                                P - ring of ice
                                H - ring of Robustness {AC+8}

@: corroded, very slightly contaminated, hasted, glowing, very quick
A: retaliatory headbutt, horns 2, agile 1, clarity, wild magic 1
a: Divine Shield, Cleansing Flame, Summon Divine Warrior, Renounce Religion


You were in the Vestibule of Hell.
You worshipped the Shining One.
The Shining One was exalted by your worship.
You were not hungry.

You visited 4 branches of the dungeon, and saw 20 of its levels.
You also visited: Labyrinth and Bailey.

You collected 1488 gold pieces.
You spent 587 gold pieces at shops.

Inventory:

Hand Weapons
 w - a +6 sacred scourge of holy wrath (weapon)
Missiles
 G - 6 throwing nets (quivered)
Armour
 c - a +0 shield (worn)
 j - a +0 cloak (worn)
 o - a +0 pair of gloves (worn)
 r - a +2 pair of boots (worn)
 C - +0 ice dragon scales
 I - a +1 plate armour of poison resistance (worn)
Jewellery
 k - an uncursed ring of flight
 A - an uncursed ring of fire
 B - an uncursed ring of protection from magic
 H - the ring of Robustness (left hand) {AC+8}
   (You found it on level 4 of the Dungeon)

   [ring of protection]

   It affects your AC (+8).
 P - a ring of ice (right hand)
Wands
 g - a wand of confusion (17/48)
 p - a wand of iceblast (11/15)
 v - a wand of paralysis (14/24)
 E - a wand of flame (16/48)
 J - a wand of disintegration (16/24)
 O - a wand of iceblast (3/15)
 Q - a wand of polymorph (5/24)
 T - a wand of flame (20/48)
 W - a wand of lightning (6/15)
Scrolls
 a - a scroll of magic mapping
 b - 6 scrolls of teleportation
 m - a scroll of recharging
 n - a scroll of brand weapon {unknown}
 s - 4 scrolls of fear
 t - 2 scrolls of noise
 y - 5 scrolls of remove curse
 D - a scroll of blinking
 N - 4 scrolls of immolation
 Z - a scroll of vulnerability
Potions
 i - 2 potions of ambrosia
 l - 2 potions of resistance
 z - a potion of invisibility {unknown}
 F - 10 potions of curing
 M - 3 potions of flight
 S - a potion of cancellation
 V - 2 potions of agility
 X - 3 potions of might
Miscellaneous
 e - a phial of floods
Comestibles
 f - 12 bread rations
 q - 32 fruits


   Skills:
 + Level 12.4 Fighting
 + Level 19.2 Maces & Flails
 + Level 13.2 Armour
 - Level 9.0 Dodging
 - Level 16.0 Shields
 * Level 15.1 Invocations


You had 16 spell levels left.
You didn't know any spells.

Dungeon Overview and Level Annotations

Branches:
Dungeon (15/15)            Temple (1/1) D:5            Lair (0/6) D:10
    Orc (0/2) D:9          Vaults (0/5) D:14         Depths (3/5) D:15
   Hell (1/1)
    Dis: Hell:1         Geh: Hell:1         Coc: Hell:1         Tar: Hell:1

Altars:
Ashenzari
Dithmenos
Elyvilon
Fedhas
Gozag
Hepliaklqana
Kikubaaqudgha
Nemelex Xobeh
Qazlal
Ru
Sif Muna
Trog
Zin
The Shining One

Shops:
D:9 *   D:11 ?   Depths:2 [

Portals:
Hell: Depths:1 Depths:2
Abyss: Depths:2
Pandemonium: Depths:2

Annotations:
Hell Geryon, Murray


Innate Abilities, Weirdness & Mutations

You reflexively headbutt those who attack you in melee.
You have a pair of horns on your head.
You are agile. (Dex +2)
You possess an exceptional clarity of mind.
Your spells are a little harder to cast, but a little more powerful.


Message History

The balrug convulses!
Your daeva closely misses the balrug.
The hell hog bites your daeva!
You whack Geryon!
Geryon convulses!
Geryon is almost dead.
Your daeva burns!
The hell knight closely misses you.
Your angel closely misses the soul eater.
Your angel hits the soul eater but does no damage.
The balrug hits your daeva with a demon whip of venom!
Your daeva is engulfed in flames!!
You block the soul eater's attack. The soul eater hits your angel!!
Geryon barely misses you. You furiously retaliate!
You headbutt Geryon! You hit Geryon but do no damage.
Geryon is almost dead.
The sun demon misses your angel.
The necromancer hits you but does no damage.
Your angel gestures.
Your angel is healed somewhat.
The hell knight hits you from afar with an enchanted glaive!!
You die...

................
................
...............§
................
................
..#.....#§§....§
.#.....33#§....
p....)A3Ah......
.....pp@A2E.....
....2pp&.†......
....3p..........
..2.....4.......
.#......∩#......
..#z....#.......
...............
..............


You could see Geryon, Murray, a balrug, a green death, a blizzard demon, 4 hell
knights, 3 soul eaters, a hell hog, a sun demon, a rust devil, 2 necromancers, a
fire elemental, a friendly daeva (burning) and 2 friendly angels.

Vanquished Creatures
  The ghost of Lochraine the Stormcaller, a veteran TeAE of Vehumet (D:15)
  A lich (Depths:1)
  2 sphinxes
  Frances (D:12)
  A shadow dragon (Depths:2)
  Kirke (D:14)
  A tengu reaver (Depths:1)
  3 fire giants (Depths:2)
  A balrug (Depths:2)
  7 frost giants
  A spriggan defender (Depths:2)
  5 stone giants
  17 very ugly things
  4 vampire knights
  2 ettins
  A merfolk impaler (Depths:1)
  Josephine (D:12)
  A deep elf high priest (Depths:2)
  2 yaktaur captains (Depths:2)
  A great orb of eyes (Depths:1)
  A minotaur (Lab)
  Harold (D:12)
  A hydra (D:15)
  A spriggan air mage (Depths:2)
  3 rakshasas
  2 vault guards (D:14)
  A death knight (D:11)
  2 ice dragons
  3 deep troll earth magi
  4 ogre magi
  5 centaur warriors
  2 deep troll shamans
  2 tengu warriors
  2 soul eaters (Depths:2)
  4 spriggan berserkers
  Nergalle (D:11)
  A fire crab (shapeshifter) (Depths:1)
  An iron troll (Depths:1)
  A sun demon (Depths:2)
  A deep elf knight (D:15)
  4 unseen horrors
  2 glowing orange brains (Depths:2)
  6 hill giants
  5 deep trolls
  An infernal demonspawn (Depths:2)
  3 wizards
  A glowing orange brain (shapeshifter) (D:15)
  3 phantasmal warriors
  3 deep elf magi
  2 harpies (shapeshifter)
  A necromancer (D:14)
  27 ugly things
  3 manticores
  A salamander (D:15)
  A cyclops (D:12)
  4 centaur skeletons
  4 gargoyles
  7 yaktaurs
  A demonic crawler (Hell)
  3 kobold demonologists
  8 tengu conjurers
  A freezing wraith (D:11)
  A meliai (shapeshifter) (Depths:2)
  A queen bee (D:8)
  2 trolls
  The ghost of XO4YCPATb the Cudgeler, an amateur MiFi (D:3)
  Prince Ribbit (D:5)
  Grinder (D:4)
  A hornet (D:15)
  9 two-headed ogres
  13 slime creatures
  3 hippogriffs
  Sigmund (D:2)
  A shadow (D:8)
  A meliai zombie (D:11)
  A spriggan (shapeshifter) (Depths:2)
  A water elemental (Depths:1)
  A wyvern (D:15)
  A vampire (D:11)
  11 yaks (D:9)
  6 wraiths
  15 humans (D:14)
  3 hogs (D:15)
  3 steam dragons
  2 hungry ghosts
  A basilisk (D:15)
  3 acid dragons
  2 hell hounds (D:10)
  A soldier ant (D:14)
  A floating eye (Depths:2)
  3 black bears
  3 eyes of draining
  6 ice beasts
  6 sky beasts
  25 ogres
  7 orc warriors
  2 necrophages
  11 centaurs
  7 big kobolds
  Blork the orc (D:5)
  7 bullfrogs
  3 scorpions
  21 killer bees
  24 wights
  2 howler monkeys
  3 electric eels (D:9)
  3 bullfrog zombies
  9 crimson imps
  2 hounds
  2 quasits
  2 centaur zombies
  10 orc priests
  3 jellies
  16 orc wizards
  Crazy Yiuf (D:3)
  A gnoll shaman (D:10)
  6 iguanas
  12 worker ants
  A killer bee zombie (D:5)
  A hound skeleton (D:10)
  A hound zombie (D:11)
  2 worker ant zombies
  10 adders
  19 gnolls
  5 shadow imps
  2 adder zombies
  3 worms
  3 dart slugs
  6 leopard geckos
  41 orcs
  12 bats
  7 giant cockroaches
  5 goblins
  20 hobgoblins
  A jackal (D:9)
  4 quokkas
  11 frilled lizards
  30 kobolds
  7 rats
661 creatures vanquished.

Vanquished Creatures (collateral kills)
  Louise (D:14)
  A reaper (Hell)
  A vault guard (D:14)
  3 hell hogs (Hell)
  A sun demon (Hell)
  An unseen horror (D:14)
  4 ugly things (D:14)
  A necromancer (Hell)
  A rust devil (Hell)
  A yaktaur (D:14)
  3 humans (D:14)
  A fire elemental (Hell)
  A vampire mosquito (D:14)
  A hungry ghost (D:14)
  An orc warrior (D:14)
22 creatures vanquished.

Vanquished Creatures (others)
  A hog (D:15)
  An ogre (Depths:1)
  8 ball lightnings (D:15)
  An orc (D:12)
  A jackal (D:9)
12 creatures vanquished.

Grand Total: 695 creatures vanquished

Notes
Turn   | Place    | Note
-------+----------+-------------------------------------------
     0 | D:1      | XO4YCPATb the Minotaur Fighter began the quest for the Orb.
     0 | D:1      | Reached XP level 1. HP: 19/19 MP: 0/0
    82 | D:1      | Reached skill level 3 in Maces & Flails
    82 | D:1      | Reached XP level 2. HP: 12/26 MP: 1/1
   460 | D:1      | Reached XP level 3. HP: 22/31 MP: 2/2
   938 | D:2      | Reached skill level 4 in Maces & Flails
  1302 | D:2      | Reached XP level 4. HP: 38/39 MP: 3/3
  1317 | D:2      | Noticed Sigmund
  1342 | D:2      | Killed Sigmund
  1342 | D:2      | Reached skill level 6 in Maces & Flails
  1342 | D:2      | Reached skill level 5 in Shields
  1342 | D:2      | Reached XP level 5. HP: 34/45 MP: 4/4
  1612 | D:3      | Reached XP level 6. HP: 33/51 MP: 5/5
  1867 | D:3      | Noticed XO4YCPATb's ghost (amateur MiFi)
  1877 | D:3      | Killed XO4YCPATb's ghost
  1877 | D:3      | Reached skill level 8 in Maces & Flails
  2103 | D:3      | Reached XP level 7. HP: 57/57 MP: 6/6
  2354 | D:3      | Found a runed door.
  2358 | D:3      | Noticed Crazy Yiuf
  2386 | D:3      | Killed Crazy Yiuf
  2800 | D:4      | Noticed Grinder
  2807 | D:4      | Killed Grinder
  2807 | D:4      | Reached skill level 9 in Maces & Flails
  2812 | D:4      | Got a polished flail
  2813 | D:4      | Identified the +5 flail of Fedhas {crush, MR- Str+5 Int+4} (You found it on level 4 of the Dungeon)
  3706 | D:5      | Entered Level 5 of the Dungeon
  3712 | D:5      | Reached skill level 10 in Maces & Flails
  3800 | D:5      | Found a staircase to the Ecumenical Temple.
  3834 | Temple   | Entered the Ecumenical Temple
  3848 | Temple   | Became a worshipper of the Shining One
  3983 | D:5      | Reached XP level 8. HP: 64/64 MP: 7/7
  4133 | D:5      | Noticed Prince Ribbit
  4146 | D:5      | Killed Prince Ribbit
  4354 | D:5      | Noticed Blork the orc
  4358 | D:5      | Killed Blork the orc
  4538 | D:6      | Found a bloodstained altar of Trog.
  4542 | D:6      | Reached skill level 11 in Maces & Flails
  5104 | D:7      | Reached XP level 9. HP: 69/70 MP: 8/8
  5245 | D:7      | Reached * piety under the Shining One
  5368 | D:7      | Reached skill level 10 in Shields
  5617 | D:8      | Noticed a queen bee
  5623 | D:8      | Reached skill level 12 in Maces & Flails
  5637 | D:8      | Killed a queen bee
  6078 | D:8      | Reached XP level 10. HP: 72/77 MP: 9/9
  6122 | D:8      | Found a stormy altar of Qazlal.
  6155 | D:8      | Reached ** piety under the Shining One
  6451 | D:9      | Found Gozag's Platinum Reserve.
  6455 | D:9      | Found an opulent altar of Gozag.
  7160 | D:9      | Found a glowing silver altar of Zin.
  7181 | D:9      | Reached *** piety under the Shining One
  7458 | D:9      | Reached skill level 15 in Shields
  7595 | D:9      | Found a staircase to the Orcish Mines.
  7724 | D:9      | Reached XP level 11. HP: 55/82 MP: 10/10
  7962 | D:10     | Entered Level 10 of the Dungeon
  7986 | D:10     | Found a staircase to the Lair.
  8320 | D:10     | Reached skill level 1 in Invocations
  8560 | D:10     | Reached skill level 13 in Maces & Flails
  8796 | D:11     | Noticed a death knight
  8796 | D:11     | Noticed a phantasmal warrior
  8798 | D:11     | Noticed a phantasmal warrior
  8805 | D:11     | Killed a phantasmal warrior
  8814 | D:11     | Killed a phantasmal warrior
  8814 | D:11     | Reached **** piety under the Shining One
  9164 | D:11     | Reached skill level 14 in Maces & Flails
  9187 | D:11     | Found a labyrinth entrance.
  9192 | Lab      | Entered a labyrinth
  9424 | Lab      | Noticed a minotaur
  9427 | Lab      | Killed a minotaur
  9588 | D:11     | Noticed a purple ugly thing
  9607 | D:11     | Killed a purple ugly thing
  9633 | D:11     | Noticed Nergalle
  9674 | D:11     | Killed Nergalle
  9674 | D:11     | Reached skill level 15 in Maces & Flails
  9723 | D:11     | Killed a death knight
 10050 | D:11     | Noticed an unseen horror
 10057 | D:11     | Killed an unseen horror
 10060 | D:11     | Reached skill level 16 in Maces & Flails
 10143 | D:11     | Found Citan's Magic Scroll Emporium.
 10148 | D:11     | Bought a scroll of enchant weapon for 112 gold pieces
 10148 | D:11     | Bought a scroll of teleportation for 45 gold pieces
 10148 | D:11     | Bought a scroll of teleportation for 45 gold pieces
 10148 | D:11     | Bought a scroll of identify for 30 gold pieces
 10148 | D:11     | Bought a scroll of identify for 30 gold pieces
 10266 | D:12     | Reached XP level 12. HP: 91/91 MP: 11/11
 10339 | D:12     | Noticed Josephine
 10349 | D:12     | Killed Josephine
 10349 | D:12     | Reached skill level 1 in Dodging
 10393 | D:12     | Reached ***** piety under the Shining One
 10412 | D:12     | Noticed Harold
 10425 | D:12     | Killed Harold
 10602 | D:12     | Reached skill level 5 in Armour
 10703 | D:12     | Noticed Frances
 10707 | D:12     | Gained mutation: You possess an exceptional clarity of mind. [potion of beneficial mutation]
 10717 | D:12     | Killed Frances
 10717 | D:12     | Reached skill level 5 in Fighting
 11503 | D:13     | Reached skill level 5 in Invocations
 11743 | D:13     | Noticed a tengu warrior
 11762 | D:13     | Killed a tengu warrior
 11863 | D:13     | Reached XP level 13. HP: 85/102 MP: 16/16
 12285 | D:14     | Found a flagged portal.
 12332 | Bailey   | Entered a bailey
 12741 | Bailey   | Gained mutation: Your spells are a little harder to cast, but a little more powerful. [potion of beneficial mutation]
 12742 | Bailey   | Gained mutation: You are agile. (Dex +2) [potion of beneficial mutation]
 13173 | D:14     | Reached XP level 14. HP: 111/111 MP: 16/19
 13211 | D:14     | Reached skill level 5 in Dodging
 13362 | D:14     | Noticed Louise
 13379 | D:14     | Killed Louise
 13518 | D:14     | Found a blossoming altar of Fedhas.
 13597 | D:14     | Reached skill level 17 in Maces & Flails
 13698 | D:14     | Reached ****** piety under the Shining One
 13950 | D:14     | Got an ebony flail {crush}
 13951 | D:14     | Identified the +9 flail of Punishment {crush, +Inv rPois} (You took it off a human on level 14 of the Dungeon)
 14008 | D:14     | Found a gate to the Vaults.
 14159 | D:15     | Entered Level 15 of the Dungeon
 14236 | D:15     | Reached skill level 10 in Invocations
 14483 | D:15     | Noticed Kirke
 14821 | D:15     | Noticed Lochraine's ghost (veteran TeAE)
 15174 | D:14     | Killed Kirke
 15366 | D:15     | Found a shadowy altar of Dithmenos.
 15552 | D:15     | Found a staircase to the Depths.
 15647 | D:15     | Reached XP level 15. HP: 123/123 MP: 22/22
 15968 | D:15     | Killed Lochraine's ghost
 16126 | Depths:1 | Entered Level 1 of the Depths
 16458 | D:15     | Reached skill level 10 in Armour
 16872 | Depths:1 | Paralysed by a great orb of eyes for 7 turns
 17727 | Depths:1 | Noticed a frost giant
 17750 | Depths:1 | Killed a frost giant
 18062 | Depths:1 | Noticed a tengu reaver
 18335 | Depths:1 | Killed a tengu reaver
 18457 | Depths:1 | Found a gateway to Hell.
 18738 | Depths:1 | Noticed a sphinx
 18751 | Depths:1 | Killed a sphinx
 18822 | Depths:1 | Reached skill level 18 in Maces & Flails
 18942 | Depths:1 | Reached skill level 10 in Fighting
 18972 | Depths:1 | Noticed a lich
 18982 | Depths:1 | Killed a lich
 19197 | Depths:1 | Reached XP level 16. HP: 96/134 MP: 24/24
 19745 | Depths:1 | The Shining One protects you from harm!
 20811 | Depths:2 | Found Conkig's Antique Armour Shop.
 20815 | Depths:2 | Bought a pair of runed boots for 325 gold pieces
 21220 | Depths:2 | Found a one-way gate to the infinite horrors of the Abyss.
 21420 | Depths:2 | Noticed a shadow dragon
 21439 | Depths:2 | Paralysed by a floating eye for 3 turns
 21483 | Depths:2 | HP: 4/138 [deep troll earth mage (15)]
 21918 | Depths:2 | Noticed a sphinx
 21927 | Depths:2 | Killed a sphinx
 22921 | Depths:2 | Reached XP level 17. HP: 126/146 MP: 26/26
 23231 | Depths:2 | Reached skill level 19 in Maces & Flails
 23304 | Depths:2 | Identified a sacred scourge of holy wrath {god gift} (a demon whip of venom blessed by the Shining One)
 23304 | Depths:2 | Received a gift from the Shining One
 23468 | Depths:2 | Found a one-way gate leading to the halls of Pandemonium.
 23538 | Depths:3 | Noticed a lich
 23908 | Depths:2 | Reached skill level 15 in Invocations
 24228 | Hell     | Entered the Vestibule of Hell
 24228 | Hell     | Noticed Geryon
 24252 | Hell     | Noticed Murray
 24258 | Hell     | Slain by a hell knight

Vault maps used:
D:1:      lightli_arrival_isolated_outpost, dk_noncrumbling_2
D:2:      uniq_sigmund
D:3:      first_bread, uniq_crazy_yiuf_cottage
D:4:      uniq_grinder
D:5:      serial_park_tiny_pond, grunt_ministairs_2, uniq_blork_the_orc,
          uniq_prince_ribbit1
D:6:      serial_glass, glass_columns_b, glass_columns_a, trog_ov_bears_minmay
D:8:      basic_altar, david_nohive_1
D:9:      erik_orc_2, basic_altar, nicolae_gozag_zags_fifth_avenue
D:10:     minmay_lair_entry_lava
D:11:     serial_shops, kennysheep_little_box, lab_entry_generic,
          minmay_misc_feat_alley, uniq_nergalle
D:12:     uniq_josephine, uniq_frances, uniq_harold
D:14:     grunt_vaults_entry_tiered, enter_bailey_2, fedhas_altar_1, uniq_louise
D:15:     hangedman_depths_entry_civil_slaughter, serial_park_avenue1,
          hex_large, nicolae_dithmenos_shadow_blocks, uniq_kirke
Temple:   nicolae_temple_the_god_donut
Depths:1: serial_sigils, serial_sigils_hangedman_stare,
          serial_sigils_hangedman_shear, serial_sigils_hangedman_writhe,
          serial_sigils_hangedman_gnaw, serial_sigils_hangedman_confine,
          serial_sigils_hangedman_quiver, hell_entry, corexii_corridor_pit,
          hangedman_decor_diamond_cutter, kennysheep_small_square
Depths:2: minmay_textured_paths, serial_bayou_pond_d, abyss_entry,
          rand_demon_pan_entry_7, hell_entry, serial_shops, shop
Depths:3: evilmike_makhleb_hellhole, hell_entry, lemuel_round_altar,
          rand_demon_pan_entry_4, lightli_fourway_metalbox
Lab:      labyrinth_spiral, nicolae_lab_grate_2
Bailey:   bailey_axe_2, bailey

Skill      XL: |  1  2  3  4  5  6  7  8  9 10 11 12 13 14 15 16 17 |
---------------+----------------------------------------------------+-----
Maces & Flails | 3 4 6 8 10 11 12 16 17 18 19 | 19.2
Shields        | 4 5 9 12 15 16 | 16.0
Invocations    | 1 5 8 10 12 14 15 | 15.1
Armour         | 4 6 8 9 11 12 13 | 13.2
Fighting       | 6 8 10 11 12 | 12.4
Dodging        | 4 6 9 |  9.0

Action                   |  1- 3 |  4- 6 |  7- 9 | 10-12 | 13-15 | 16-18 || total
-------------------------+-------+-------+-------+-------+-------+-------++-------
Melee: Whip              |   142 |    73 |    27 |       |       |       ||   242
       Flail             |     4 |       |   213 |   388 |    13 |       ||   618
       Headbutt          |    23 |    16 |    33 |   134 |   197 |   188 ||   591
       Quarterstaff      |       |       |     4 |       |       |       ||     4
       Morningstar       |       |       |       |   248 |   864 |   526 ||  1638
       Sacred scourge    |       |       |       |       |       |   130 ||   130
Invok: Divine Shield     |       |       |       |     2 |     2 |       ||     4
       Summon Divine War |       |       |       |       |     2 |     3 ||     5
       Brand Weapon With |       |       |       |       |       |     1 ||     1
Evoke: Wand              |       |       |       |       |     9 |       ||     9
  Use: Potion            |       |     1 |     3 |     4 |     6 |     5 ||    19
       Scroll            |       |       |     6 |    14 |    11 |     6 ||    37
  Eat: Chunk             |     1 |     3 |    14 |    18 |    16 |    11 ||    63
       Pizza             |       |       |       |     1 |     1 |       ||     2
       Fruit             |       |       |       |     1 |     5 |     2 ||     8
       Royal jelly       |       |       |       |       |     1 |     3 ||     4
       Beef jerky        |       |       |       |       |       |     1 ||     1
Armor: Scale mail        |    67 |    24 |       |       |       |       ||    91
       Plate armour      |       |     1 |   106 |   200 |   337 |   156 ||   800
Dodge: Dodged            |    38 |     9 |    46 |    96 |   199 |   127 ||   515
Block: Shield            |    74 |    20 |   129 |   348 |   511 |   251 ||  1333
